 Dungeon Crawl Stone Soup version 0.29.0-13-gc9e81de378 (webtiles) character file.

Game seed: 16292744510530457778

109 H0rd4k the Charlatan (level 5, 0/38 HPs)
             Began as a Human Artificer on Sept 8, 2022.
             Killed from afar by an orc wizard (6 damage)
             ... with a magic dart
             ... on level 4 of the Dungeon.
             The game lasted 00:02:59 (3977 turns).

H0rd4k the Charlatan (Human Artificer)              Turns: 3977, Time: 00:03:00

Health: 0/38       AC:  4    Str: 12    XL:     5   Next: 13%
Magic:  5/5        EV: 12    Int: 14    God:
Gold:   175        SH:  0    Dex: 13    Spells: 4/4 levels left

rFire   . . .      SeeInvis .   k - +0 mace
rCold   . . .      Faith    .   (no shield)
rNeg    . . .      Spirit   .   b - +0 leather armour
rPois   .          Reflect  .   (no helmet)
rElec   .          Harm     .   g - +0 cloak
rCorr   .          Rampage  .   (no gloves)
Will    .....                   (no boots)
Stlth   +.........              (no amulet)
HPRegen 0.12/turn               (no ring)
MPRegen 0.09/turn               (no ring)

@: no status effects
A: no striking features
a: no special abilities


You were on level 4 of the Dungeon.
You visited 1 branch of the dungeon, and saw 4 of its levels.

You collected 175 gold pieces.

Inventory:

Hand Weapons
 a - a +0 club
 k - a +0 mace (weapon)
Missiles
 l - 24 poisoned darts (quivered)
Armour
 b - a +0 leather armour (worn)
 g - a +0 cloak (worn)
Magical Staves
 q - a staff of cold
Wands
 d - a wand of charming (13)
 e - a wand of iceblast (4)
Scrolls
 f - 5 scrolls of immolation {unknown}
 h - 2 scrolls of teleportation {unknown}
 j - 2 scrolls of poison {unknown}
 m - 3 scrolls of magic mapping {unknown}
 n - a scroll of summoning {unknown}
 p - a scroll of enchant armour {unknown}
Potions
 c - a potion of degeneration {unknown}
 i - 4 potions of curing {unknown}
 o - 2 potions of haste
 r - a potion of heal wounds {unknown}


   Skills:
 + Level 2.1 Fighting
 + Level 2.5 Maces & Flails
 - Level 2.0 Armour
 + Level 2.8 Dodging
 - Level 1.0 Stealth
 - Level 3.0 Evocations


You had 4 spell levels left.
You didn't know any spells.
Your spell library contained the following spells:

 Spells                   Type           Power      Damage    Failure   Level
 Sandblast                Erth           0%         2d4       36%         1
 Passwall                 Tmut/Erth      0%         N/A       50%         2
 Stone Arrow              Conj/Erth      0%         3d7       73%         3


Dungeon Overview and Level Annotations

Branches:
Dungeon (4/15)
 Temple: D:4-7

Altars:
Okawaru
Zin


Message History

The orc wizard flickers and vanishes!
Deactivating autopickup; reactivate with Ctrl-A.
The orc hits you with a +0 whip.
You hit the orc.
The orc is severely wounded.
The orc closely misses you.
You barely miss the orc.
The orc is severely wounded.
The orc hits you with a +0 whip.
You sock the orc!
You kill the orc!
Something hits you but does no damage.
You miss something. Something hits you but does no damage.
You hit something. Something hits you.
You miss something. Something hits you.
You hit something. Something hits you but does no damage.
You hear some strange, mumbled words.
A magic dart appears from out of thin air!
The magic dart hits you!
You hit something.
You hear some strange, mumbled words.
A magic dart appears from out of thin air!
The magic dart hits you!
* * * LOW HITPOINT WARNING * * *
You closely miss something. Something hits you but does no damage.
You miss something. Something hits you.
* * * LOW HITPOINT WARNING * * *
Something hits you.
* * * LOW HITPOINT WARNING * * *
You miss something.
You hear some strange, mumbled words.
Something tries to affect you, but you resist.
You miss something. Something hits you but does no damage.
You miss something. Something hits you.
* * * LOW HITPOINT WARNING * * *
You barely miss something.
You hear some strange, mumbled words.
A magic dart appears from out of thin air!
The magic dart hits you.
You die...

######### ###### #####
#.......##### #....# #...#
#.....[.....###
##....####...####.......<.....#
..............){@>..........#.#
......#...#######...........#
.....##...# #...........# .....
#...# ####.#......# ##### #...#
#.#......# #...# #.####+###
##### #......# ########


There were no monsters in sight!

Vanquished Creatures
  A gnoll (D:1)
  2 adders
  2 worms (D:2)
  5 orcs
  6 bats
  6 endoplasms
  3 giant cockroaches
  6 goblins
  7 hobgoblins
  7 kobolds
  5 ball pythons
  4 frilled lizards
  5 rats
59 creatures vanquished.

Vanquished Creatures (collateral kills)
  An endoplasm (D:1)
  2 goblins (D:1)
  A quokka (D:1)
4 creatures vanquished.

Vanquished Creatures (others)
  A hobgoblin (D:1)
  A goblin (D:1)
  A plant (D:1)
3 creatures vanquished.

Grand Total: 66 creatures vanquished

Notes
Turn   | Place    | Note
-------+----------+-------------------------------------------
     0 | D:1      | H0rd4k the Human Artificer began the quest for the Orb.
     0 | D:1      | Reached XP level 1. HP: 15/15 MP: 1/1
   216 | D:1      | Reached XP level 2. HP: 21/21 MP: 2/2
   353 | D:1      | Reached skill level 1 in Maces & Flails
   363 | D:1      | HP: 1/21 [hobgoblin (2)]
   739 | D:1      | Reached XP level 3. HP: 16/26 MP: 3/3
  1753 | D:1      | Reached XP level 4. HP: 22/33 MP: 4/4
  2850 | D:3      | Found a faded altar of an unknown god.
  2858 | D:3      | Found a glowing silver altar of Zin.
  3535 | D:3      | Reached XP level 5. HP: 38/38 MP: 5/5
  3553 | D:3      | Found an iron altar of Okawaru.
  3622 | D:3      | Found a faded altar of an unknown god.
  3977 | D:4      | Killed from afar by an orc wizard

Illustrated notes

Levels and vault maps discovered:
D:1:      wander_arrival_estate, layout_loops_ring, skrybe_limestone_x,
          chequers_big_river, minmay_tall_x
D:2:      layout_basic
D:3:      layout_rooms, nicolae_overflow_ecumenical_swirl, okawaru_trees_2,
          hellmonk_ecumenical_altar_zigzags
D:4:      nicolae_cairo_tiling_large_dashed, layout_basic

Skill      XL: |  1  2  3  4 |
---------------+-------------+-----
Maces & Flails | 1 2 |  2.5
Dodging        | 2 |  2.8
Fighting       | 2 |  2.1
Armour         | |  2.0
Stealth        | |  1.0
Evocations     | |  3.0

Action                   |  1- 3 |  4- 6 || total
-------------------------+-------+-------++-------
Melee: Club              |   112 |       ||   112
       Punch             |     2 |     1 ||     3
       Mace              |       |   128 ||   128
Evoke: Wand              |    17 |     1 ||    18
 Stab: Sleeping          |     1 |       ||     1
Armor: Leather armour    |    45 |    34 ||    79
Dodge: Dodged            |   112 |    81 ||   193
